 Dungeon Crawl Stone Soup version 0.22-a0-271-gc000056a37 (webtiles) character file.

138 RedPan the Insei (level 5, -1/42 HPs)
             Began as a Demonspawn Monk on Mar 10, 2018.
             Was a Priest of Cheibriados.
             Killed by divine providence
             ... invoked by an orc priest
              (8 damage)
             ... on level 3 of the Dungeon.
             The game lasted 00:05:22 (2880 turns).

RedPan the Insei (Demonspawn Monk)                  Turns: 2880, Time: 00:05:23

Health: -1/42      AC:  4    Str: 24    XL:     5   Next: 1%
Magic:  0/6        EV: 14    Int: 18    God:    Cheibriados [***...]
Gold:   129        SH:  0    Dex: 23    Spells: 4/4 levels left

rFire    . . .     SeeInvis .     - Unarmed
rCold    . . .     Gourm    .   (no shield)
rNeg     + . .     Faith    .   i - +0 leather armour {MR+}
rPois    .         Spirit   +   (no helmet)
rElec    .         Reflect  .   (no cloak)
rCorr    .         Harm     .   d - +0 pair of gloves
MR       +....                  (no boots)
Stlth    +++.......             (no amulet)
HPRegen  0.14/turn              f - ring of stealth
MPRegen  0.20/turn              j - ring of positive energy

@: mighty, flying, very slow
A: magic shield, magic regeneration
a: Bend Time, Temporal Distortion, Renounce Religion


You were on level 3 of the Dungeon.
You worshipped Cheibriados.
Cheibriados was most pleased with you.
You were not hungry.

You visited 1 branch of the dungeon, and saw 3 of its levels.

You collected 129 gold pieces.

Inventory:

Armour
 d - a +0 pair of gloves (worn)
 i - a +0 leather armour of magic resistance (worn)
 k - a +2 ring mail of cold resistance
 l - a +4 ring mail of fire resistance
Jewellery
 f - a ring of stealth (left hand)
 j - a ring of positive energy (right hand)
Wands
 n - a wand of scattershot (7)
Scrolls
 h - 2 scrolls of identify
Potions
 a - a potion of cancellation
Comestibles
 b - 6 rations


   Skills:
 + Level 3.7 Fighting
 + Level 3.3 Dodging
 - Level 1.7 Stealth
 * Level 3.9 Unarmed Combat
 + Level 2.1 Invocations


You had 4 spell levels left.
You didn't know any spells.

Dungeon Overview and Level Annotations

Branches:
Dungeon (3/15)

Altars:
Cheibriados
Gozag
Nemelex Xobeh
Vehumet


Innate Abilities, Weirdness & Mutations

When hurt, damage is shared between your health and your magic reserves.
You regenerate magic rapidly.


Message History

The orc throws a stone.
The stone closely misses you.
You see here 2 stones.
The orc throws a stone.
The stone barely misses you.
You feel very mighty all of a sudden.
The orc priest looks encouraged for a moment.
You punch the orc priest!
You kill the orc priest!
Cheibriados appreciates the change of pace.
Your Invocations skill increases to level 2!
The orc priest shouts!
The orc barely misses you.
Things that are here:
a club; a ring mail; 2 stones You punch the orc!
You kill the orc!
Cheibriados thoroughly appreciates the change of pace.
You have reached level 5!
The orc priest calls down the wrath of Beogh upon you.
Beogh smites you!
You die...

#..........#
#..######..#######
#..# #......)... #..#
#.######### #..# #. #
#.# #. # #.# #. # #)#
#. # #@# #. ######
##(## ....... ##...##
.###### ###...(.# #
#...o...# # #.#.....#
##### #
#.##..(#######((.#####
# ##..(.((..oo#.((..o
#..#######...#####


You could see an orc priest.

Vanquished Creatures
  An orc priest (D:3)
  2 gnolls (D:3)
  3 adders
  2 worms
  A dart slug (D:2)
  A leopard gecko (D:3)
  4 orcs
  9 goblins
  9 hobgoblins
  5 bats
  3 frilled lizards
  7 kobolds
  4 rats
51 creatures vanquished.

Notes
Turn   | Place    | Note
-------+----------+-------------------------------------------
     0 | D:1      | RedPan the Demonspawn Monk began the quest for the Orb.
     0 | D:1      | Reached XP level 1. HP: 18/18 MP: 1/1
   398 | D:1      | Gained mutation: When hurt, damage is shared between your health and your magic reserves. [demonic ancestry]
   398 | D:1      | Reached XP level 2. HP: 21/24 MP: 2/2
   561 | D:1      | Found a snail-covered altar of Cheibriados.
   572 | D:1      | Became a worshipper of Cheibriados the Contemplative
   572 | D:1      | Reached * piety under Cheibriados
   572 | D:1      | Reached ** piety under Cheibriados
  1216 | D:2      | Found a faded altar of an unknown god.
  1303 | D:2      | Reached XP level 3. HP: 24/29 MP: 3/3
  1332 | D:2      | Reached skill level 1 in Invocations
  1387 | D:2      | Found an opulent altar of Gozag.
  1390 | D:2      | Found a sparkling altar of Nemelex Xobeh.
  1393 | D:2      | Found a radiant altar of Vehumet.
  2023 | D:3      | Gained mutation: You regenerate magic rapidly. [demonic ancestry]
  2023 | D:3      | Reached XP level 4. HP: 15/35 MP: 2/5
  2793 | D:3      | Reached *** piety under Cheibriados
  2879 | D:3      | Reached XP level 5. HP: 7/42 MP: 6/6
  2880 | D:3      | Killed from afar by an orc priest

Vault maps used:
D:1:      scummos_arrival_checkerplants, cheibriados_altar_1
D:2:      grunt_temple_overflow_diamond, chequers_ecumenical_altar_simple_redux,
          st_stairs_12

Skill      XL: |  1  2  3  4 |
---------------+-------------+-----
Unarmed Combat | 3 |  3.9
Dodging        | 3 |  3.3
Invocations    | 1 2 |  2.1
Fighting       | |  3.7
Stealth        | |  1.7

Action                   |  1- 3 |  4- 6 || total
-------------------------+-------+-------++-------
Melee: Unarmed           |   159 |    40 ||   199
       Punch             |     5 |       ||     5
  Use: Scroll            |     6 |     2 ||     8
       Potion            |       |     3 ||     3
 Stab: Sleeping          |     6 |     3 ||     9
  Eat: Chunk             |     1 |     1 ||     2
Armor: Robe              |     5 |       ||     5
       Leather armour    |     7 |     8 ||    15
Dodge: Dodged            |    87 |    54 ||   141

Table legend:
 A = Spawn XP
 B = Non-spawn XP
 C = Spawn XP percentage of total XP
 D = Spawn monster count
 E = Non-spawn monster count
 F = Spawn count percentage of total count
 G = Total turns spent on level
                    A         B        C        D         E        F      G
               +---------+---------+-------+---------+---------+-------+---------
         Total |       0 |     198 |   0.0 |       0 |      51 |   0.0 |  2880
               +---------+---------+-------+---------+---------+-------+---------
           D:1 |       0 |      16 |   0.0 |       0 |      11 |   0.0 |   683
           D:2 |       0 |      51 |   0.0 |       0 |      21 |   0.0 |  1058
           D:3 |       0 |     131 |   0.0 |       0 |      19 |   0.0 |  1139
               +---------+---------+-------+---------+---------+-------+---------
